Map: Catalyst LE

Players

FeaR - Winner!

  • Race: Protoss Protoss
  • League: Master
  • Spawn Location: 5:00

HellraiseR

  • Race: Protoss Protoss
  • League: Master
  • Spawn Location: 11:00

Event: HomeStory Cup XVII

VOD

Have the link to the VOD?

Description

Time

  • Played on: June 29, 2018, 7:11 a.m.
  • Length: 9:00

All games in this series

Show
View Real Time Build Order
Export as new Build Order

FeaR Protoss - Winner!

Build Orders:  

Get SALT Encoding   

  12  0:00  Probe  
  13  0:12  Probe  
  14  0:17  Pylon  
  14  0:24  Probe  
  15  0:32  Probe  
  15  0:39  Gateway  
  15  0:40  Probe  
  16  0:47  Assimilator  
  17  0:51  Probe  
  17  0:55  Assimilator  
  18  1:03  Probe  
  19  1:09  Gateway  
  19  1:14  Probe  
  20  1:22  Probe  
  20  1:29  Cybernetics Core  
  20  1:30  Probe  
  21  1:34  Pylon  
  22  1:41  Probe  
  23  1:53  Probe  
  24  1:56  Warp Gate  
  24  2:05  Adept x2  
  24  2:06  Probe  
  29  2:16  Pylon  
  29  2:18  Probe  
  30  2:23  Shield Battery  
  30  2:34  Adept x2  
  34  2:48  Robotics Facility  
  34  3:00  Pylon  
  34  3:01  Sentry x2  
  38  3:07  Shield Battery  
  38  3:26  Warp Prism  
  38  3:28  Gateway  
  38  3:29  Gateway  
  38  3:35  Pylon  
  40  4:00  Stalker x2  
  44  4:10  Nexus  
  44  4:22  Stalker  
  44  4:23  Stalker  
  48  4:25  Sentry  
  50  4:35  Probe  
  51  4:44  Twilight Council  
  51  4:47  Probe  
  52  4:59  Probe, Pylon  
  53  5:00  Blink, Observer  
  54  5:12  Immortal  
  58  5:24  Probe  
  58  5:25  Probe  
  60  5:32  Stalker x2  
  64  5:36  Shield Battery  
  64  5:40  Probe x2  
  66  5:55  Immortal  
  63  5:57  Adept x3  
  72  6:08  Shield Battery  
  70  6:24  Pylon  
  69  6:26  Pylon  
  69  6:29  Stalker  
  69  6:30  Stalker  
  70  6:38  Stalker  
  68  6:44  Probe x2  
  68  7:00  Stalker x2  
  72  7:02  Stalker  
  70  7:19  Probe  
  70  7:21  Gateway  
  72  7:29  Stalker x3  
  77  7:32  Probe  
  77  7:33  Probe  
  79  7:47  Pylon  
  79  7:48  Pylon  
  78  7:57  Sentry x2, Zealot  
  84  8:06  Probe  
  84  8:07  Probe  
  84  8:18  Probe  
  79  8:20  Adept x2  
  79  8:21  Adept  
  85  8:28  Stalker  
  81  8:35  Probe  
  74  8:44  Adept x3  
Show
View Real Time Build Order
Export as new Build Order

HellraiseR Protoss 

Build Orders: Phoenix Opening, Blink Stalkers 

Get SALT Encoding   

  12  0:00  Probe  
  13  0:12  Probe  
  14  0:17  Pylon  
  14  0:21  Probe  
  15  0:31  Probe  
  15  0:37  Gateway  
  16  0:43  Probe  
  16  0:47  Assimilator  
  17  0:53  Probe  
  17  0:56  Assimilator  
  18  1:01  Probe  
  18  1:09  Probe  
  18  1:10  Gateway  
  20  1:21  Probe  
  21  1:25  Cybernetics Core  
  21  1:33  Probe  
  21  1:39  Pylon  
  22  1:45  Probe  
  23  1:53  Warp Gate  
  23  1:58  Probe  
  24  2:02  Sentry, Stalker  
  28  2:10  Probe  
  28  2:12  Pylon  
  29  2:28  Stalker  
  31  2:32  Stalker  
  31  2:36  Pylon  
  32  2:55  Nexus  
  32  3:01  Stalker  
  34  3:07  Phoenix  
  34  3:08  Stalker  
  36  3:14  Probe  
  37  3:25  Twilight Council  
  37  3:28  Pylon  
  37  3:36  Blink  
  37  3:40  Probe  
  38  4:00  Stalker x2, Shield Battery  
  42  4:09  Shield Battery  
  42  4:11  Pylon  
  42  4:15  Gateway  
  42  4:22  Robotics Facility  
  42  4:23  Sentry  
  44  4:30  Stalker  
  46  4:38  Pylon  
  46  4:49  Stalker  
  48  4:53  Stalker  
  48  4:57  Pylon  
  50  5:12  Stalker  
  50  5:13  Stalker  
  54  5:20  Stalker  
  55  5:35  Stalker x2  
  59  5:43  Stalker  
  59  5:59  Stalker  
  59  6:01  Stalker  
  59  6:16  Stalker  
  61  6:29  Stalker  
  61  6:30  Stalker  
  61  6:44  Nexus  
  59  6:54  Probe  
  59  6:57  Observer  
  61  7:02  Probe  
  62  7:08  Immortal  
  62  7:10  Probe  
  59  7:21  Sentry  
  63  7:23  Probe  
  64  7:33  Zealot x2  
  64  7:35  Probe  
  69  7:47  Probe  
  70  7:57  Sentry, Stalker  
  74  7:59  Stalker  
  74  8:03  Probe  
  77  8:06  Probe  
  77  8:09  Immortal  
  76  8:26  Adept x2  
  80  8:33  Stalker  
  47  8:50  Stalker  
Tags
 
Add a new tag
Caveats
  • Supply blocks, unpowered buildings, or Contaminate may cause inaccurate times.
  • Supply counts are checked every 10 seconds.